 Dungeon Crawl Stone Soup version 0.22-a0-587-g7d32d7c (webtiles) character file.

480 Amnesiac the Chucker (level 7, -8/72 HPs)
             Began as an Ogre Fighter on July 4, 2018.
             Mangled by Menkaure (19 damage)
             ... on level 4 of the Dungeon.
             The game lasted 00:05:25 (3838 turns).

Amnesiac the Chucker (Ogre Fighter)                 Turns: 3838, Time: 00:05:25

Health: -8/72      AC:  3    Str: 28    XL:     7   Next: 11%
Magic:  7/7        EV:  8    Int:  9    God:
Gold:   234        SH:  9    Dex:  8    Spells: 6/6 levels left

rFire    . . .     SeeInvis .   a - +0 trident
rCold    . . .     Gourm    .   c - +0 shield
rNeg     . . .     Faith    .   b - +0 robe
rPois    .         Spirit   .   (helmet restricted)
rElec    .         Reflect  .   (no cloak)
rCorr    .         Harm     .   (gloves unavailable)
MR       .....                  (boots unavailable)
Stlth    +.........             (no amulet)
HPRegen  0.22/turn              (no ring)
MPRegen  0.10/turn              (no ring)

@: mighty
A: large, unfitting armour, tough skin 1
a: no special abilities


You were on level 4 of the Dungeon.
You were not hungry.

You visited 1 branch of the dungeon, and saw 4 of its levels.

You collected 234 gold pieces.

Inventory:

Hand Weapons
 a - a +0 trident (weapon)
 q - a +0 hunting sling
Missiles
 e - 125 stones (quivered)
Armour
 b - a +0 robe (worn)
 c - a +0 shield (worn)
Wands
 h - a wand of enslavement (6)
Scrolls
 j - 5 scrolls of identify {!r, unknown}
 k - 2 scrolls of teleportation {!r, unknown}
 l - 3 scrolls of immolation {!r, unknown}
 m - 3 scrolls of blinking {!r, unknown}
 p - a scroll of noise {!r, unknown}
 t - a scroll of fog {!r, unknown}
 u - a scroll of remove curse {!r, unknown}
 v - 4 scrolls of enchant weapon {!r, unknown}
Potions
 d - 2 potions of might {!q}
 i - a potion of curing {!q, unknown}
 n - a potion of resistance {!q, unknown}
 r - a potion of experience {!q, unknown}
 s - a potion of flight {!q, unknown}
Comestibles
 f - 9 rations
 g - a chunk of flesh


   Skills:
 + Level 5.0 Fighting
 - Level 2.0 Polearms
 * Level 6.0 Throwing
 - Level 3.0 Dodging
 + Level 3.3 Shields


You had 6 spell levels left.
You didn't know any spells.
Your spell library was empty.

Dungeon Overview and Level Annotations

Branches:
Dungeon (4/15)
 Temple: D:4-7

Altars:
Dithmenos
Fedhas
Xom

Annotations:
D:4 Menkaure


Innate Abilities, Weirdness & Mutations

You are too large for most types of armour.
You have tough skin. (AC +1)


Message History

You shoot a stone. The stone completely misses the hound.
The stone closely misses Menkaure.
The hound barely misses you.
Firing (i - inventory)
e - 126 stones (quivered)
Press: ? - help, Shift-Dir - straight line, f/p - hound
Aim: a hound You shoot a stone.
The stone barely misses the hound.
The stone hits Menkaure but does no damage.
Menkaure is lightly damaged.
You block the hound's attack. The hound barely misses you.
Menkaure breathes soot at you. The hound barely misses you.
You block the hound's attack.
Okay, then.
a - a +0 trident (weapon)
You block the hound's attack.
Really quaff
d - 3 potions of might {!q}?
You feel very mighty all of a sudden. The hound bites you.
The hound barely misses you.
You closely miss the hound. The hound bites you.
You closely miss the hound. The hound bites you. x2
You puncture the hound!
The hound is heavily wounded.
The hound bites you. x2
Menkaure mumbles some strange words.
Menkaure seems to speed up.
You hit the hound.
The hound is almost dead.
The hound bites you. The hound barely misses you.
You barely miss the hound.
The hound is almost dead.
You block the hound's attack. The hound closely misses you.
Your shield prevents you from hitting the hound.
The hound is almost dead.
The hound barely misses you.
Menkaure calls on the powers of darkness!
Your body is wracked with pain!
* * * LOW HITPOINT WARNING * * *
You block the hound's attack.
You barely miss the hound.
The hound is almost dead.
You block the hound's attack. The hound bites you but does no damage.
You barely miss the hound.
The hound is almost dead.
The hound barely misses you. The hound bites you but does no damage.
You closely miss the hound.
The hound is almost dead.
The hound bites you.
* * * LOW HITPOINT WARNING * * *
Menkaure blazes with dark energy!
The hound closely misses you.
You miss the hound.
The hound is almost dead.
The hound bites you.
* * * LOW HITPOINT WARNING * * *
You puncture the hound!
You kill the hound!
Your Fighting skill increases to level 5!
Menkaure calls on the powers of darkness!
Your body is wracked with pain!
* * * LOW HITPOINT WARNING * * *
You hit Menkaure.
Menkaure is moderately damaged.
Menkaure hits you!!
You die...

#(# #.# #.## #..#
#..# #..# ##.#
##M# #@## #.# #.#
#.## ##.##
#..##########
##..........#####
##............##
##..#######....


You could see Menkaure.

Vanquished Creatures
  2 ogres
  3 crimson imps (D:3)
  A hound (D:4)
  A worker ant (D:4)
  Robin (D:2)
  6 adders
  2 worms (D:3)
  4 dart slugs
  2 leopard geckos
  5 orcs
  6 giant cockroaches
  11 goblins
  5 hobgoblins
  3 kobolds
  4 quokkas
  3 ball pythons
  6 bats
  7 frilled lizards
  9 rats
81 creatures vanquished.

Vanquished Creatures (others)
  A fungus (D:3)
1 creature vanquished.

Grand Total: 82 creatures vanquished

Notes
Turn   | Place    | Note
-------+----------+-------------------------------------------
     0 | D:1      | Amnesiac the Ogre Fighter began the quest for the Orb.
     0 | D:1      | Reached XP level 1. HP: 24/24 MP: 1/1
    51 | D:1      | Reached skill level 1 in Throwing
   122 | D:1      | Reached XP level 2. HP: 29/32 MP: 2/2
   245 | D:1      | Reached skill level 2 in Throwing
   681 | D:1      | Reached XP level 3. HP: 22/39 MP: 3/3
   917 | D:2      | Reached skill level 3 in Throwing
  1000 | D:2      | Noticed Robin
  1035 | D:2      | Killed Robin
  1045 | D:2      | Reached XP level 4. HP: 26/48 MP: 4/4
  1473 | D:2      | Reached skill level 4 in Throwing
  2052 | D:3      | Found a shimmering altar of Xom.
  2113 | D:3      | Reached XP level 5. HP: 54/54 MP: 5/5
  2333 | D:3      | Found a blossoming altar of Fedhas.
  2358 | D:3      | Reached skill level 5 in Throwing
  2375 | D:3      | Noticed an ogre
  2887 | D:3      | Reached XP level 6. HP: 61/62 MP: 6/6
  3209 | D:3      | Found a shadowy altar of Dithmenos.
  3468 | D:4      | HP: 3/63 [ogre/giant club (15)]
  3781 | D:4      | Reached skill level 6 in Throwing
  3781 | D:4      | Reached XP level 7. HP: 64/71 MP: 7/7
  3816 | D:4      | Noticed Menkaure
  3837 | D:4      | Reached skill level 5 in Fighting
  3838 | D:4      | Mangled by Menkaure

Vault maps used:
D:1:      minmay_arrival_stair_chambers
D:2:      uniq_robin
D:3:      fedhas_altar_3, nicolae_dithmenos_through_a_glass_darkly, st_stairs_5,
          led_xom_imps
D:4:      lemuel_upstairs_altar, minmay_temple_entry_enclosed_plants,
          first_ration, uniq_menkaure, uniq_sigmund

Skill      XL: |  1  2  3  4  5  6  7 |
---------------+----------------------+-----
Throwing       | 1 2 3 4 5 6 |  6.0
Dodging        | 3 |  3.0
Shields        | 3 |  3.3
Fighting       | 5 |  5.0
Polearms       | |  2.0

Action                   |  1- 3 |  4- 6 |  7- 9 || total
-------------------------+-------+-------+-------++-------
Melee: Trident           |   124 |    24 |    12 ||   160
 Fire: Hunting sling     |       |   249 |     5 ||   254
Throw: Tomahawk          |     8 |    13 |     1 ||    22
       Stone             |     3 |       |       ||     3
  Use: Potion            |     1 |       |     1 ||     2
  Eat: Chunk             |     1 |     6 |     2 ||     9
Armor: Robe              |    32 |    35 |     2 ||    69
Dodge: Dodged            |    32 |    44 |     9 ||    85
Block: Shield            |    52 |    58 |     6 ||   116

Table legend:
 A = Spawn XP
 B = Non-spawn XP
 C = Spawn XP percentage of total XP
 D = Spawn monster count
 E = Non-spawn monster count
 F = Spawn count percentage of total count
 G = Total turns spent on level
                    A         B        C        D         E        F      G
               +---------+---------+-------+---------+---------+-------+---------
         Total |       0 |     686 |   0.0 |       0 |      81 |   0.0 |  3838
               +---------+---------+-------+---------+---------+-------+---------
           D:1 |       0 |      35 |   0.0 |       0 |      16 |   0.0 |   817
           D:2 |       0 |      96 |   0.0 |       0 |      27 |   0.0 |  1094
           D:3 |       0 |     333 |   0.0 |       0 |      27 |   0.0 |  1117
           D:4 |       0 |     222 |   0.0 |       0 |      11 |   0.0 |   810
               +---------+---------+-------+---------+---------+-------+---------
